 Dungeon Crawl Stone Soup version 0.22-a0-422-g9628fc8 (webtiles) character file.

12284 Gorglomux the Fighter (level 11, 0/102 HPs)
             Began as a Minotaur Fighter on May 20, 2018.
             Was a Priest of Yredelemnul.
             Slain by Findor's ghost (2 damage)
             ... on level 12 of the Dungeon.
             The game lasted 00:09:08 (7852 turns).

Gorglomux the Fighter (Minotaur Fighter)            Turns: 7852, Time: 00:09:09

Health: 0/102      AC: 21    Str: 19    XL:     11   Next: 60%
Magic:  15/15      EV:  8    Int:  5    God:    Yredelemnul [***...]
Gold:   477        SH: 17    Dex: 13    Spells: 10/10 levels left

rFire    + . .     SeeInvis .   S - +4 war axe
rCold    . . .     Gourm    .   J - +0 large shield (curse)
rNeg     . . .     Faith    .   P - +1 plate armour {rF+}
rPois    .         Spirit   .   (helmet restricted)
rElec    .         Reflect  .   (no cloak)
rCorr    .         Harm     .   L - +2 pair of gloves
MR       .....                  j - +1 pair of boots
Stlth    ..........             (no amulet)
HPRegen  0.27/turn              K - -3 ring of dexterity
MPRegen  0.14/turn              W - -4 ring of strength

@: agile
A: retaliatory headbutt, horns 2
a: Recall Undead Slaves, Injury Mirror, Animate Dead, Renounce Religion


You were on level 12 of the Dungeon.
You worshipped Yredelemnul.
Yredelemnul was most pleased with you.
You were not hungry.

You visited 2 branches of the dungeon, and saw 13 of its levels.

You collected 477 gold pieces.

Inventory:

Hand Weapons
 a - a +0 war axe
 S - a +4 war axe (weapon)
Armour
 j - a +1 pair of boots (worn)
 J - a cursed +0 large shield (worn)
 L - a +2 pair of gloves (worn)
 P - a +1 plate armour of fire resistance (worn)
Jewellery
 m - an uncursed ring of protection from magic
 K - a -3 ring of dexterity (left hand)
 W - a -4 ring of strength (right hand)
Wands
 A - a wand of acid (4)
 I - a wand of iceblast (10)
Scrolls
 h - 2 scrolls of enchant weapon
 n - 2 scrolls of amnesia
 u - a scroll of enchant armour
 M - 2 scrolls of magic mapping
 N - a scroll of holy word
 O - a scroll of fog
 R - a scroll of identify
 T - 3 scrolls of teleportation
 V - a scroll of silence
 Y - 2 scrolls of immolation
Potions
 o - a potion of heal wounds
 r - 2 potions of flight
 v - 2 potions of cancellation
 Q - 5 potions of curing
 U - a potion of mutation {!q}
 X - a potion of magic
Comestibles
 f - 13 rations


   Skills:
 + Level 11.0 Fighting
 + Level 10.6 Axes
 + Level 10.9 Armour
 + Level 11.0 Shields
 + Level 6.8 Invocations


You had 10 spell levels left.
You didn't know any spells.
Your spell library contained the following spells:

 Spells                   Type           Power        Failure   Level  Hunger
 Magic Dart               Conj           #...         100%        1    ##.....
 Conjure Flame            Conj/Fire      #.......     100%        3    ####...
 Lightning Bolt           Conj/Air       #.........   100%        5    ######.
 Slow                     Hex            #.......     100%        2    ###....
 Mephitic Cloud           Conj/Pois/Air  #.......     100%        3    ####...
 Blink                    Tloc           N/A          100%        2    ###....
 Call Imp                 Summ           #.......     100%        2    ###....
 Shock                    Conj/Air       #...         100%        1    ##.....
 Swiftness                Chrm/Air       #.......     100%        2    ###....
 Airstrike                Air            #.........   100%        4    #####..
 Static Discharge         Conj/Air       #.......     100%        3    ####...


Dungeon Overview and Level Annotations

Branches:
Dungeon (12/15)            Temple (1/1) D:4            Lair (0/6) D:8
    Orc: D:9-12

Altars:
Ashenzari
Cheibriados
Elyvilon
Fedhas
Gozag
Hepliaklqana
Kikubaaqudgha
Makhleb
Nemelex Xobeh
Okawaru
Qazlal
Sif Muna
Uskayaw
Vehumet
Xom
Yredelemnul
The Shining One

Shops:
D:4 }(=:

Annotations:
D:12 Findor's ghost, journeyman OgBe; TheNamelessOne's ghost, journeyman TeFE


Innate Abilities, Weirdness & Mutations

You reflexively headbutt those who attack you in melee.
You have a pair of horns on your head.


Message History

You slice Findor's ghost like a ripe choko!
Findor's ghost is lightly damaged!
You block Findor'butts ghost's attack!
You butt-ly miss Findor's ghost!
You headbutt Findor's butt!
Findor's ghost is lightly damaged!
Findor's butt hits you!!! * * * don't die
* * * Findor's ghost freezes you! * * * don't die
* * * Butt command!
You cut Findor's ghost into ribbons!!! Your headbutt misses Findor's ghost!
Findor's ghost is lightly damaged!
Findor's ghost hits you but does no damage!
You cut Findor's ghost into ribbons!!! Your headbutt misses Findor's ghost!
Findor's ghost is lightly damaged!
Findor's ghost hits you!!! * * * don'butt die
* * * Findor's ghost freezes you! rip Your body rises from the dead as a mindless zombie!

... #........####
...#.#.##........#
..... ..........#
..#...#..#......#
........#......#
#..#....#
#.......#
+.......#
#.@.....#
#...W.....#
#.........# ###
#.........# #..
#.........# #>.
#+###.....'. #<<
######. #ยง. #..
.###


You could see Findor's ghost.

Vanquished Creatures
  A frost giant (D:10)
  Erolcha (D:10)
  2 two-headed ogres
  The ghost of Gorglomux the Covered, a novice DDFi of Makhleb (D:8)
  A wolf spider zombie (D:12)
  The ghost of CLM the Ruffian, a novice VSTm of Wu Jian (D:6)
  A troll (D:12)
  Grinder (D:3)
  3 hippogriffs
  A wraith (D:12)
  6 yaks (D:10)
  A hungry ghost (D:12)
  2 vampire mosquitoes (D:12)
  A soldier ant (D:12)
  A water moccasin (D:8)
  2 orc warriors
  2 sky beasts
  2 necrophages
  A hornet zombie (D:9)
  5 black bears
  6 ogres
  A phantom (D:9)
  9 centaurs
  7 bullfrogs
  2 big kobolds
  2 scorpions
  A water moccasin skeleton (D:6)
  3 wights (D:12)
  A howler monkey (D:4)
  7 crimson imps
  A bullfrog zombie (D:9)
  2 hounds
  3 orc wizards
  An orc priest (D:9)
  8 jellies
  2 bullfrog skeletons
  4 iguanas
  2 worker ants
  A hound zombie (D:11)
  2 hound skeletons
  A worker ant zombie (D:11)
  8 gnolls
  6 adders
  5 oozes (D:8)
  2 adder skeletons
  A worm (D:3)
  2 dart slugs
  8 leopard geckos
  24 orcs
  4 ball pythons (D:5)
  6 giant cockroaches
  A gnoll zombie (D:10)
  4 goblins
  5 hobgoblins
  4 jackals (D:3)
  13 kobolds
  2 quokkas
  9 bats
  7 frilled lizards
  2 leopard gecko skeletons
  2 quokka skeletons
  5 rats
222 creatures vanquished.

Vanquished Creatures (collateral kills)
  The ghost of Gorglomux the Blocker, a novice DDFi of Makhleb (D:10)
  An ugly thing (D:11)
  A hungry ghost (D:12)
  A gnoll sergeant (D:10)
  A crimson imp (D:10)
  A bullfrog zombie (D:10)
  A gnoll (D:10)
  A kobold (D:12)
8 creatures vanquished.

Vanquished Creatures (others)
  A hippogriff zombie (D:12)
  2 yak zombies (D:10)
  A troll zombie (D:12)
  3 centaur zombies
  A gnoll zombie (D:10)
  An orc zombie (D:8)
  A plant (D:5)
10 creatures vanquished.

Grand Total: 240 creatures vanquished

Notes
Turn   | Place    | Note
-------+----------+-------------------------------------------
     0 | D:1      | Gorglomux the Minotaur Fighter began the quest for the Orb.
     0 | D:1      | Reached XP level 1. HP: 19/19 MP: 0/0
   101 | D:1      | Reached XP level 2. HP: 23/27 MP: 1/1
   269 | D:2      | Reached skill level 3 in Axes
   269 | D:2      | Reached XP level 3. HP: 33/33 MP: 2/2
   450 | D:2      | Found an opulent altar of Gozag.
   526 | D:3      | Noticed Grinder
   531 | D:3      | Paralysed by Grinder for 6 turns
   538 | D:3      | Killed Grinder
   538 | D:3      | Reached XP level 4. HP: 33/42 MP: 3/3
   538 | D:3      | Reached XP level 5. HP: 37/48 MP: 4/4
   681 | D:3      | Reached XP level 6. HP: 27/56 MP: 5/5
  1111 | D:4      | Found a shattered altar of Ashenzari.
  1229 | D:4      | Found a staircase to the Ecumenical Temple.
  1403 | Temple   | Entered the Ecumenical Temple
  1475 | Temple   | Became a worshipper of Yredelemnul the Dark
  1536 | D:4      | Found Gozunan's Jewellery Shoppe.
  1537 | D:4      | Found Woblorriode's Book Shoppe.
  1537 | D:4      | Found Etties's Antique Weapon Shoppe.
  1546 | D:4      | Found Cyomaaw's Gadget Shoppe.
  1985 | D:5      | Entered Level 5 of the Dungeon
  2248 | D:5      | Found a blossoming altar of Fedhas.
  2252 | D:5      | Found an ancient bone altar of Kikubaaqudgha.
  2284 | D:5      | Reached XP level 7. HP: 57/62 MP: 6/6
  2372 | D:5      | Reached skill level 6 in Fighting
  2372 | D:5      | Reached skill level 6 in Armour
  2372 | D:5      | Reached skill level 6 in Shields
  2780 | D:6      | Noticed CLM's ghost (novice VSTm)
  2793 | D:6      | Killed CLM's ghost
  2793 | D:6      | Reached skill level 6 in Axes
  2793 | D:6      | Reached XP level 8. HP: 48/71 MP: 7/7
  2801 | D:6      | Found a sparkling altar of Nemelex Xobeh.
  2902 | D:6      | Reached * piety under Yredelemnul
  3039 | D:6      | Reached skill level 1 in Invocations
  3272 | D:6      | Found an iron altar of Okawaru.
  3418 | D:6      | Found a shimmering altar of Xom.
  3720 | D:8      | Found a staircase to the Lair.
  3800 | D:8      | Reached XP level 9. HP: 46/81 MP: 9/9
  3818 | D:8      | Noticed Gorglomux's ghost (novice DDFi)
  3878 | D:8      | Killed Gorglomux's ghost
  4051 | D:8      | Reached skill level 3 in Invocations
  4105 | D:8      | Reached ** piety under Yredelemnul
  4219 | D:8      | Found a radiant altar of Vehumet.
  4619 | D:9      | Reached skill level 9 in Fighting
  4619 | D:9      | Reached skill level 9 in Shields
  4629 | D:9      | Found a glowing golden altar of the Shining One.
  4648 | D:9      | Reached skill level 9 in Armour
  4648 | D:9      | Reached XP level 10. HP: 76/91 MP: 12/12
  4738 | D:9      | Found a hazy altar of Hepliaklqana.
  4779 | D:10     | Entered Level 10 of the Dungeon
  4878 | D:10     | Noticed Erolcha
  4892 | D:10     | Killed Erolcha
  4892 | D:10     | Reached skill level 9 in Axes
  4902 | D:10     | Noticed Gorglomux's ghost (novice DDFi)
  5111 | D:10     | Noticed a two-headed ogre
  5119 | D:10     | Killed a two-headed ogre
  5197 | D:10     | Reached *** piety under Yredelemnul
  5236 | D:10     | Killed Gorglomux's ghost
  5567 | D:10     | Noticed a frost giant
  5581 | D:10     | HP: 4/93 [frost giant/bolt of cold (29)]
  5582 | D:10     | Killed a frost giant
  5582 | D:10     | Reached skill level 6 in Invocations
  5582 | D:10     | Reached XP level 11. HP: 4/101 MP: 14/14
  6086 | D:11     | Noticed a two-headed ogre
  6106 | D:11     | Killed a two-headed ogre
  6357 | D:11     | Found a stormy altar of Qazlal.
  6480 | D:11     | Noticed a cyan ugly thing
  6492 | D:11     | Killed a cyan ugly thing
  7194 | D:12     | Noticed TheNamelessOne's ghost (journeyman TeFE)
  7209 | D:12     | Noticed Findor's ghost (journeyman OgBe)
  7852 | D:12     | HP: 2/102 [Findor's ghost (12)]
  7852 | D:12     | Slain by Findor's ghost

Vault maps used:
D:1:      evilmike_arrival_crescent
D:2:      nicolae_gozag_cash_rules_everything_around_me, serial_bayou,
          serial_bayou_crossing, serial_bayou_pond_d, serial_bayou_pond_a,
          serial_bayou_lagoon_a, uniq_natasha
D:3:      zin_angel, kennysheep_cross_room, uniq_robin, uniq_grinder
D:4:      temple_fountains, minmay_shop_grid_forest, minmay_misc_feat_cross,
          cheibrodos_ashenzari_chains
D:5:      grunt_temple_overflow_growth_and_decay, first_ration,
          saegor_snake_ambush
D:6:      kennysheep_mini_moat, nemelex_xobeh_ov_fountains_minmay, tgw_xom
D:7:      grunt_temple_overflow_open, lemuel_round_altar
D:8:      nicolae_overflow_crystal_walls, lair_entry_dummy,
          hangedman_little_slice_of_home
D:9:      lemuel_round_altar, tso_oasis_becter
D:10:     minmay_statues_item, kennysheep_just_a_vault, uniq_erolcha
D:11:     grunt_qazlal_sundering
D:12:     orc_0_dummy, portal_ice_cave_entry_pillars_1
Temple:   dpeg_three_leaves_temple

Skill      XL: |  1  2  3  4  5  6  7  8  9 10 11 |
---------------+----------------------------------+-----
Fighting       | 4 5 6 7 9 10 11 | 11.0
Axes           | 3 4 5 6 7 8 10 | 10.6
Armour         | 4 5 6 7 9 10 | 10.9
Shields        | 4 5 6 7 9 10 11 | 11.0
Invocations    | 2 4 6 |  6.8

Action                   |  1- 3 |  4- 6 |  7- 9 | 10-12 || total
-------------------------+-------+-------+-------+-------++-------
Melee: War axe           |    47 |   100 |   268 |   315 ||   730
       Headbutt          |     8 |    16 |    43 |    50 ||   117
Invok: Animate Remains   |       |       |     3 |     1 ||     4
       Animate Dead      |       |       |       |     6 ||     6
       Injury Mirror     |       |       |       |     2 ||     2
Evoke: Wand              |       |       |       |     3 ||     3
  Use: Scroll            |       |       |    10 |     8 ||    18
       Potion            |       |       |     2 |     5 ||     7
  Eat: Chunk             |       |     4 |    10 |     4 ||    18
       Ration            |       |       |       |     4 ||     4
Armor: Scale mail        |    23 |    52 |    28 |       ||   103
       Plate armour      |       |       |   102 |   212 ||   314
       Skin              |       |       |    25 |       ||    25
Dodge: Dodged            |    13 |    46 |    59 |    44 ||   162
Block: Shield            |    28 |    77 |   185 |   121 ||   411
       Large shield      |       |       |       |   139 ||   139

Table legend:
 A = Spawn XP
 B = Non-spawn XP
 C = Spawn XP percentage of total XP
 D = Spawn monster count
 E = Non-spawn monster count
 F = Spawn count percentage of total count
 G = Total turns spent on level
                    A         B        C        D         E        F      G
               +---------+---------+-------+---------+---------+-------+---------
         Total |       0 |   17549 |   0.0 |       0 |     229 |   0.0 |  7852
               +---------+---------+-------+---------+---------+-------+---------
           D:1 |       0 |      18 |   0.0 |       0 |      11 |   0.0 |   214
           D:2 |       0 |      42 |   0.0 |       0 |      13 |   0.0 |   312
           D:3 |       0 |     332 |   0.0 |       0 |      23 |   0.0 |   445
           D:4 |       0 |     214 |   0.0 |       0 |      17 |   0.0 |   929
           D:5 |       0 |     461 |   0.0 |       0 |      18 |   0.0 |   773
           D:6 |       0 |    1414 |   0.0 |       0 |      26 |   0.0 |   827
           D:7 |       0 |     135 |   0.0 |       0 |       4 |   0.0 |   127
           D:8 |       0 |    2117 |   0.0 |       0 |      25 |   0.0 |   749
           D:9 |       0 |    1175 |   0.0 |       0 |      26 |   0.0 |   318
          D:10 |       0 |    6425 |   0.0 |       0 |      28 |   0.0 |  1244
          D:11 |       0 |    2155 |   0.0 |       0 |      16 |   0.0 |  1165
          D:12 |       0 |    3061 |   0.0 |       0 |      22 |   0.0 |   664
               +---------+---------+-------+---------+---------+-------+---------
